 Dungeon Sprint DCSS version 0.14-a0-3445-g2afddda (webtiles) character file.

4300000 Froboctopus the Conqueror (level 21, -1/204 HPs)
             Began as a Demonspawn Gladiator on Mar 23, 2014.
             Was the Champion of Makhleb.
             Killed from afar by a large bag of meat (55 damage)
             ... with an exploding inner flame
             ... in the Dungeon (Sprint VIII: "Arena of Blood").
             The game lasted 00:01:54 (43 turns).

Froboctopus the Conqueror (Demonspawn Gladiator)      Turns: 43, Time: 00:01:54

HP  -1/204       AC 10     Str 24      XL: 21   Next: 28%
MP  19/42        EV 30     Int 10      God: Makhleb [******]
Gold 0           SH  0     Dex 15      Spells:  0 memorised, 50 levels left

rFire  . . .     SeeInvis +     l - +∞ Axe of Woe
rCold  + . .     Clarity  .     b - +0 leather armour
rNeg   . . .     Conserve .     (no shield)
rPois  .         rCorr    .     (helmet unavailable)
rElec  .         rRot     +     (no cloak)
SustAb . .       Spirit   .     (no gloves)
rMut   .         Warding  .     (no boots)
Saprov + . .     NoTele   +     (no amulet)
MR     +....                    (no ring)
                                (no ring)

@: somewhat resistant to hostile enchantments, incredibly stealthy
A: antennae 3, icy blue scales 3, foul stench 1, powered by death 2, saprovore
1, augmentation 3
a: Minor Destruction, Lesser Servant of Makhleb, Major Destruction, Greater
Servant of Makhleb, Renounce Religion


You were in the Dungeon.
You worshipped Makhleb.
Makhleb was exalted by your worship.
You were not hungry.

You visited 1 branch

Inventory:

Hand weapons
 l - the +∞,+∞ Axe of Woe (weapon)
   (You found it in the Dungeon)
Missiles
 d - 3 throwing nets (quivered)
Armour
 b - a +0 leather armour (worn)
 c - a +0 helmet
Comestibles
 f - a bread ration
Scrolls
 k - a scroll of blinking
Potions
 e - a potion of curing
 g - a potion of heal wounds
 h - a potion of haste
 i - 2 potions of magic
 j - a potion of berserk rage


   Skills:
 O Level 27 Fighting
 O Level 27 Axes
 + Level 15.5 Throwing
 O Level 27 Armour
 O Level 27 Dodging
 O Level 27 Stealth
 O Level 27 Unarmed Combat
 + Level 15.4 Spellcasting
 O Level 27 Invocations


You had 50 spell levels left.
You didn't know any spells.

Dungeon Overview and Level Annotations

Branches:
Dungeon (1/1)

Altars:
Makhleb

Annotations:
D The Servant


Innate Abilities, Weirdness & Mutations

You have a pair of large antennae on your head (SInv).
You are completely covered in icy blue scales (AC +4, EV -1, rC+).
You emit a foul stench, and are resistant to rotting and decay.
You can steal the life force of defeated enemies.
You can tolerate rotten meat.
Your magical and physical power is greatly enhanced at high health.


Message History

You cleave the small abomination in twain.
You destroy the small abomination!
Makhleb accepts your kill.
You are engulfed in roaring flames.
You hear a shout! x5
The Servant is engulfed in roaring flames.
The Servant hits you from afar with a +9,+9 glaive of flaming!
Ouch! That really hurt!
The Servant burns you!
* * * LOW HITPOINT WARNING * * *
The destroyer blinks! x2
The destroyer is engulfed in roaring flames.
The destroyer moves out of view.
Unknown command.
Unknown command.
You slash the large bag of meat!
You butcher the large bag of meat messily.
The large bag of meat explodes!
The fiery explosion engulfs you!
You die...

...###... .C###.
........)###o.....
#........_.o.....
.......#)....#.§..
.......#_){{o#.o...
.......#)..{.#.o..§
..#......{{{{.V.....
.........§###O§..V...
.....###.O@§@)x###.
... #.§X§§§.#{
#...%o..#
.......%..§..
.............%.
......o....%..#
............##
.#........#. ......


You could see The Servant, 2 destroyers, a large abomination, 2 meat berserkers
and 7 bags of meat.

Vanquished Creatures
  2 hill giants (D)
  12 ogres (D)
  25 orcs (D)
  3 vampire knights (D)
  3 small abominations (D)
  3 crawling corpses (D)
48 creatures vanquished.

Vanquished Creatures (others)
  2 crawling corpses (D)
2 creatures vanquished.

Grand Total: 50 creatures vanquished

Notes
Turn   | Place    | Note
--------------------------------------------------------------
     0 | D        | Froboctopus, the Demonspawn Gladiator, began the quest for the Orb.
     0 | D        | Reached XP level 1. HP: 16/16 MP: 1/1
     3 | D        | Became a worshipper of Makhleb the Destroyer
     9 | D        | Noticed a bag of meat
    10 | D        | Noticed a meat berserker
    12 | D        | Killed a bag of meat
    12 | D        | Reached skill level 14 in Fighting
    12 | D        | Gained mutation: You can tolerate rotten meat. [demonic ancestry]
    12 | D        | Reached XP level 2. HP: 19/42 MP: 2/2
    12 | D        | Reached XP level 3. HP: 21/48 MP: 3/3
    12 | D        | Gained mutation: You can steal the life force of nearby defeated enemies. [demonic ancestry]
    12 | D        | Reached XP level 4. HP: 24/55 MP: 4/4
    12 | D        | Gained mutation: You have a pair of small antennae on your head. [demonic ancestry]
    12 | D        | Reached XP level 5. HP: 26/61 MP: 5/5
    12 | D        | Gained mutation: You are partially covered in icy blue scales (AC +1). [demonic ancestry]
    12 | D        | Reached XP level 6. HP: 28/68 MP: 6/6
    12 | D        | Gained mutation: You are mostly covered in icy blue scales (AC +3, EV -1). [demonic ancestry]
    12 | D        | Reached XP level 7. HP: 30/74 MP: 7/7
    12 | D        | Reached XP level 8. HP: 32/81 MP: 8/8
    12 | D        | Gained mutation: Your magical and physical power is slightly enhanced at high health. [demonic ancestry]
    12 | D        | Reached XP level 9. HP: 34/87 MP: 9/9
    12 | D        | Gained mutation: You have a pair of antennae on your head. [demonic ancestry]
    12 | D        | Reached XP level 10. HP: 36/94 MP: 10/10
    12 | D        | Reached XP level 11. HP: 38/100 MP: 11/11
    13 | D        | Noticed a bag of meat
    14 | D        | Noticed a bag of meat
    15 | D        | Killed a meat berserker
    15 | D        | Acquired Makhleb's first power
    15 | D        | Reached skill level 16 in Fighting
    15 | D        | Reached skill level 15 in Axes
    15 | D        | Reached skill level 15 in Dodging
    15 | D        | Gained mutation: You emit a foul stench, and are resistant to rotting and decay. [demonic ancestry]
    15 | D        | Reached XP level 12. HP: 40/111 MP: 12/12
    16 | D        | Noticed a meat berserker
    16 | D        | Noticed a meat berserker
    16 | D        | Noticed a bag of meat
    16 | D        | Killed a bag of meat
    16 | D        | Reached skill level 17 in Fighting
    16 | D        | Gained mutation: You are completely covered in icy blue scales (AC +4, EV -1, rC+). [demonic ancestry]
    16 | D        | Reached XP level 13. HP: 77/120 MP: 13/13
    17 | D        | Killed a meat berserker
    17 | D        | Reached skill level 18 in Fighting
    18 | D        | Noticed a meat berserker
    19 | D        | Noticed a bag of meat
    21 | D        | Killed a bag of meat
    21 | D        | Acquired Makhleb's second power
    21 | D        | Reached skill level 19 in Fighting
    21 | D        | Gained mutation: Your magical and physical power is enhanced at high health. [demonic ancestry]
    21 | D        | Reached XP level 14. HP: 131/133 MP: 14/14
    21 | D        | Killed a meat berserker
    21 | D        | Reached skill level 20 in Fighting
    22 | D        | Noticed a large bag of meat
    22 | D        | Killed a bag of meat
    22 | D        | Gained mutation: You can steal the life force of defeated enemies. [demonic ancestry]
    22 | D        | Reached XP level 15. HP: 141/143 MP: 15/15
    22 | D        | Killed a meat berserker
    22 | D        | Acquired Makhleb's third power
    22 | D        | Reached skill level 21 in Fighting
    23 | D        | Noticed a bag of meat
    24 | D        | Noticed a meat berserker
    24 | D        | Noticed a meat berserker
    24 | D        | Noticed a large bag of meat
    25 | D        | Noticed a meat berserker
    25 | D        | Noticed a meat berserker
    25 | D        | Noticed a bag of meat
    25 | D        | Noticed a bag of meat
    26 | D        | Noticed a bag of meat
    26 | D        | Noticed a meat berserker
    27 | D        | Noticed a bag of meat
    27 | D        | Noticed a bag of meat
    27 | D        | Noticed a bag of meat
    27 | D        | Noticed a bag of meat
    28 | D        | Noticed a bag of meat
    28 | D        | Killed a meat berserker
    28 | D        | Reached skill level 22 in Fighting
    28 | D        | Killed a bag of meat
    29 | D        | Noticed a bag of meat
    29 | D        | Noticed a bag of meat
    29 | D        | Noticed a bag of meat
    29 | D        | Noticed a bag of meat
    29 | D        | Noticed a bag of meat
    29 | D        | Noticed a bag of meat
    29 | D        | Noticed a destroyer
    29 | D        | Killed a meat berserker
    29 | D        | Acquired Makhleb's fourth power
    29 | D        | Reached skill level 23 in Fighting
    29 | D        | Gained mutation: You have a pair of large antennae on your head (SInv). [demonic ancestry]
    29 | D        | Reached XP level 16. HP: 155/157 MP: 16/16
    29 | D        | Killed a meat berserker
    29 | D        | Killed a meat berserker
    29 | D        | Reached skill level 24 in Fighting
    30 | D        | Noticed a bag of meat
    30 | D        | Noticed a bag of meat
    30 | D        | Noticed a meat berserker
    30 | D        | Killed a destroyer
    30 | D        | Acquired Makhleb's fifth power
    30 | D        | Killed a meat berserker
    30 | D        | Reached skill level 25 in Fighting
    30 | D        | Reached XP level 17. HP: 166/169 MP: 17/17
    31 | D        | Noticed The Servant
    31 | D        | Killed a large bag of meat
    31 | D        | Killed a bag of meat
    31 | D        | Reached skill level 26 in Fighting
    32 | D        | Noticed a bag of meat
    32 | D        | Noticed a sculptor of flesh
    32 | D        | Noticed a bag of meat
    32 | D        | Noticed a bag of meat
    32 | D        | Noticed a bag of meat
    33 | D        | Noticed a large bag of meat
    33 | D        | Noticed a meat berserker
    33 | D        | Killed a bag of meat
    33 | D        | Killed a bag of meat
    33 | D        | Reached skill level 27 in Fighting
    33 | D        | Killed a bag of meat
    33 | D        | Reached XP level 18. HP: 180/182 MP: 18/18
    34 | D        | Noticed a bag of meat
    34 | D        | Noticed a destroyer
    34 | D        | Noticed a large bag of meat
    34 | D        | Killed a bag of meat
    34 | D        | Killed a bag of meat
    34 | D        | Reached skill level 27 in Axes
    34 | D        | Reached skill level 27 in Armour
    34 | D        | Reached skill level 27 in Dodging
    34 | D        | Killed a bag of meat
    35 | D        | Noticed a meat berserker
    35 | D        | Killed a bag of meat
    35 | D        | Killed a bag of meat
    36 | D        | Noticed a bag of meat
    36 | D        | Killed a bag of meat
    36 | D        | Reached skill level 15 in Stealth
    36 | D        | Reached XP level 19. HP: 143/189 MP: 18/40
    36 | D        | Killed a bag of meat
    36 | D        | Reached skill level 27 in Invocations
    36 | D        | Killed a bag of meat
    36 | D        | Killed a large bag of meat
    37 | D        | Noticed a bag of meat
    37 | D        | Noticed a meat berserker
    37 | D        | Killed a bag of meat
    37 | D        | Killed a meat berserker
    38 | D        | Noticed a bag of meat
    38 | D        | Noticed a meat berserker
    38 | D        | Killed a bag of meat
    38 | D        | Reached skill level 27 in Stealth
    38 | D        | Killed a meat berserker
    38 | D        | Gained mutation: Your magical and physical power is greatly enhanced at high health. [demonic ancestry]
    38 | D        | Reached XP level 20. HP: 197/197 MP: 18/41
    38 | D        | Killed a bag of meat
    39 | D        | Noticed a bag of meat
    39 | D        | Noticed a destroyer
    39 | D        | Noticed a bag of meat
    39 | D        | Killed a bag of meat
    39 | D        | Killed a bag of meat
    40 | D        | Noticed a bag of meat
    40 | D        | Noticed a bag of meat
    40 | D        | Killed a destroyer
    40 | D        | Killed a bag of meat
    41 | D        | Noticed a bag of meat
    41 | D        | Noticed a destroyer
    41 | D        | Killed a bag of meat
    41 | D        | Reached skill level 27 in Unarmed Combat
    42 | D        | Noticed a destroyer
    42 | D        | Noticed a destroyer
    42 | D        | Killed a meat berserker
    42 | D        | Reached skill level 10 in Throwing
    42 | D        | Reached skill level 10 in Spellcasting
    42 | D        | Reached XP level 21. HP: 140/204 MP: 19/42
    42 | D        | Killed a destroyer
    42 | D        | Killed a bag of meat
    42 | D        | Reached skill level 15 in Throwing
    42 | D        | Reached skill level 15 in Spellcasting
    43 | D        | Killed a large bag of meat
    43 | D        | Killed from afar by a large bag of meat

Action                   |  1- 3 |  4- 6 |  7- 9 | 10-12 | 13-15 | 16-18 | 19-21 || total
-------------------------+-------+-------+-------+-------+-------+-------+-------++-------
Melee: Executioner's axe |     1 |       |       |     2 |     5 |     6 |     7 ||    21
